 Dungeon Crawl Stone Soup version 0.28-a0-384-g9e0c098162 (webtiles) character file.

Game seed: 17215601597115391048

25 Archison the Sneak (level 2, 0/13 HPs)
             Began as a Spriggan Enchanter on Sept 2, 2021.
             Slain by an orc (4 damage)
             ... on level 2 of the Dungeon.
             The game lasted 00:03:26 (1685 turns).

Archison the Sneak (Spriggan Enchanter)             Turns: 1685, Time: 00:03:26

Health: 0/13       AC:  2    Str:  4    XL:     2   Next: 82%
Magic:  4/6        EV: 17    Int: 16    God:
Gold:   75         SH:  0    Dex: 15    Spells: 4/6 levels left

rFire   . . .      SeeInvis +   a - +1 dagger
rCold   . . .      Faith    .   (shield restricted)
rNeg    . . .      Spirit   .   b - +0 robe
rPois   .          Reflect  .   (helmet restricted)
rElec   .          Harm     .   (no cloak)
rCorr   .          Rampage  .   (gloves unavailable)
Will    .....                   (boots unavailable)
Stlth   +++.......              (no amulet)
HPRegen 0.04/turn               (no ring)
MPRegen 0.10/turn               (no ring)

@: very quick
A: very small, no large weapons, unfitting armour, see invisible, speed 3
a: no special abilities


You were on level 2 of the Dungeon.
You visited 1 branch of the dungeon, and saw 3 of its levels.

You collected 75 gold pieces.

Inventory:

Hand Weapons
 a - a +1 dagger (weapon)
Armour
 b - a +0 robe (worn)
Jewellery
 g - a +6 ring of strength
Scrolls
 e - 2 scrolls of identify {unknown}
 h - a scroll of magic mapping {unknown}
 l - a scroll of amnesia {unknown}
 m - a scroll of enchant weapon {unknown}
 o - a scroll of immolation {unknown}
Potions
 c - a potion of invisibility
 d - a potion of degeneration {unknown}
 f - a potion of curing {unknown}
 i - a potion of mutation {unknown}
 j - a potion of brilliance {unknown}
 k - a potion of heal wounds {unknown}
 n - a potion of lignification {unknown}


   Skills:
 - Level 1.1 Short Blades
 * Level 3.0 Dodging
 * Level 5.0 Stealth
 - Level 2.7 Spellcasting
 * Level 4.3 Hexes


You had 4 spell levels left.
You knew the following spells:

 Your Spells              Type           Power      Damage    Failure   Level
a - Ensorcelled Hibernat  Hex/Ice        18%        N/A       12%         2

Your spell library contained the following spells:

 Spells                   Type           Power      Damage    Failure   Level
 Confusing Touch          Hex            16%        N/A       10%         3
 Tukima's Dance           Hex            16%        N/A       10%         3
 Dazzling Flash           Conj/Hex       18%        N/A       24%         3
 Passage of Golubria      Tloc           N/A        N/A       88%         4
 Silence                  Hex/Air        4%         N/A       91%         5
 Lehudib's Crystal Spear  Conj/Erth      1%         10d2      100%        8


Dungeon Overview and Level Annotations

Branches:
Dungeon (3/15)

Altars:


Innate Abilities, Weirdness & Mutations

You are very small and have problems with some larger weapons.
You are too small for most types of armour.
You have supernaturally acute eyesight. (SInv)
You cover ground extremely quickly. (Speed+++)


Message History

You puncture the giant cockroach!
You kill the giant cockroach!
You see here a giant cockroach corpse.
Casting: Ensorcelled Hibernation (safe; 12% risk of failure)
Confirm with . or Enter, or press ? or * to list all spells.
You don't know that spell.
You swing at nothing.
Done exploring.
Done exploring.
Done exploring.
(D) Dungeon
Where to? (? - help)
You see here a giant cockroach corpse.
As you open the door, it creaks loudly!
There is an open door here.
There is a stone staircase leading down here.
You climb downwards.
There is a stone staircase leading up here.
Things that are here:
4 boomerangs of dispersal; a +0 short sword; an orc skeleton An orc priest is nearby!
An orc priest is nearby!
Casting: Ensorcelled Hibernation (safe; 12% risk of failure)
Confirm with . or Enter, or press ? or * to list all spells.
Aiming: Ensorcelled Hibernation (safe; 12% risk of failure)
Press: ? - help, Shift-Dir - straight line, f - orc priest
Aim: an orc priest, wielding a +0 flail (wandering, hasn't noticed you, chance to affect: 40%)
The orc priest looks drowsy...
An orc comes into view. It is wielding a +0 falchion.
The orc priest shouts!
The orc shouts!
The orc priest misses you. The orc barely misses you.
The orc priest hits you with a +0 flail!
Ouch! That really hurt!
You hit the orc priest.
The orc priest is moderately wounded.
The orc priest closely misses you.
You hit the orc priest.
The orc priest is moderately wounded.
The orc hits you with a +0 club.
You die...

#.#......#.......# ......
#.#)######.......# ....##
#..........#.##### ..
###.########.# #.# # #.# .#
#.########.# #..........#
#..##..@.###############
######....oooo...............
.........#....###########....
#######.(#....# #....
#..#....# #.... #..#....#
#.... #..#....# #....
#..###### ####. #.......## #.


You could see an orc priest and 3 orcs.

Vanquished Creatures
  A dart slug (D:2)
  An orc (D:2)
  2 giant cockroaches (D:1)
  6 goblins
  6 ball pythons
  2 frilled lizards (D:1)
  2 kobolds
  2 rats (D:1)
22 creatures vanquished.

Notes
Turn   | Place    | Note
-------+----------+-------------------------------------------
     0 | D:1      | Archison the Spriggan Enchanter began the quest for the
                  | Orb.
     0 | D:1      | Reached XP level 1. HP: 9/9 MP: 5/5
   476 | D:2      | Found a faded altar of an unknown god.
   490 | D:2      | Reached XP level 2. HP: 12/13 MP: 6/6
   493 | D:2      | Learned a level 2 spell: Ensorcelled Hibernation
  1415 | D:1      | Reached skill level 5 in Stealth
  1685 | D:2      | Slain by an orc

Illustrated notes

Levels and vault maps discovered:
D:1:      lightli_iron_boxes, layout_basic
D:2:      layout_basic, basic_ecumenical_altar
D:3:      layout_basic, serial_shops, shop, nicolae_shop_window_shopping, shop,
          shop_scrolls, uniq_natasha

Skill      XL: |  1  2 |
---------------+-------+-----
Hexes          | 4 |  4.3
Stealth        | 5 |  5.0
Dodging        | 3 |  3.0
Short Blades   | |  1.1
Spellcasting   | |  2.7

Action                   || total
-------------------------++-------
Melee: Dagger            ||    50
 Cast: Ensorcelled Hiber ||    13
  Use: Scroll            ||     1
 Stab: Sleeping          ||    11
Armor: Robe              ||     3
Dodge: Dodged            ||    36

Table legend: (Time is in decaauts)
 A = Elapsed time spent in this place.
 B = Non-inter-level travel time spent in this place.
 C = Inter-level travel time spent in this place.
 D = Time resting spent in this place.
 E = Time spent auto-exploring this place.
 F = Levels seen in this place.
 G = Mean time per level.
                   A        B        C        D        E       F      G
               +--------+--------+--------+--------+--------+-----+--------+
         Total |   1273 |   1257 |     16 |    288 |    683 |   3 |  424.3 |
       Dungeon |   1273 |   1257 |     16 |    288 |    683 |   3 |  424.3 |
               +--------+--------+--------+--------+--------+-----+--------+

Top non-repeatable levels by time:
     D:1: 766 daAuts
     D:2: 479 daAuts
     D:3: 27 daAuts
